 Dungeon Crawl Stone Soup version 0.29.0-5-ge4962eb29e (webtiles) character file.

Game seed: 16707455031153629853

166 keekatzer the Chiller (level 5, -3/37 HPs)
             Began as a Gnoll Ice Elementalist on Aug 30, 2022.
             Killed by divine providence
             ... invoked by an orc priest
              (7 damage)
             ... on level 3 of the Dungeon.
             The game lasted 00:11:52 (1872 turns).

keekatzer the Chiller (Gnoll Ice Elementalist)      Turns: 1872, Time: 00:11:53

Health: -3/37      AC:  7    Str:  5 (8)  XL:     5   Next: 47%
Magic:  1/12       EV: 14    Int: 12 (14) God:
Gold:   108        SH:  0    Dex: 16 (17) Spells: 1/14 levels left

rFire   . . .      SeeInvis .   m - +0 dagger
rCold   x . .      Faith    .   (no shield)
rNeg    . . .      Spirit   .   o - +3 robe of the Butterfly {Fly rC- Will+ Dex+3}
rPois   .          Reflect  .   p - +0 helmet
rElec   .          Harm     .   g - +0 cloak
rCorr   .          Rampage  .   (no gloves)
Will    +....                   (no boots)
Stlth   +++.......              (no amulet)
HPRegen 0.12/turn               (no ring)
MPRegen 0.13/turn               (no ring)

@: mighty, flying
A: fangs 1, strong nose, distributed training
a: no special abilities


You were on level 3 of the Dungeon.
You visited 1 branch of the dungeon, and saw 3 of its levels.

You collected 108 gold pieces.

Inventory:

Hand Weapons
 a - a +3 quarterstaff of chaos
 m - a +0 dagger (weapon)
 q - a +0 hammer
 u - a +2 dagger of venom
Missiles
 n - 10 poisoned darts (quivered)
 s - 3 atropa-tipped darts
Armour
 d - an orb of light
 g - a +0 cloak (worn)
 o - the +3 robe of the Butterfly (worn) {Fly rC- Will+ Dex+3}
   (You found it on level 2 of the Dungeon)

   Dex:       It affects your dexterity (+3).
   rC:        It makes you vulnerable to cold.
   Fly:       It grants you flight.
   Will:      It increases your willpower.
 p - a +0 helmet (worn)
Magical Staves
 j - a staff of death
Jewellery
 f - a ring of fire
Scrolls
 c - a scroll of fear {unknown}
 i - a scroll of vulnerability {unknown}
 k - a scroll of magic mapping {unknown}
 l - a scroll of teleportation {unknown}
 t - a scroll of identify {unknown}
Potions
 b - a potion of magic
 e - 2 potions of degeneration


   Skills:
 + Level 1.6 Fighting
 + Level 1.6 Short Blades
 + Level 1.6 Long Blades
 + Level 1.6 Axes
 + Level 1.6 Maces & Flails
 + Level 1.6 Polearms
 + Level 1.6 Staves
 + Level 1.6 Ranged Weapons
 + Level 1.6 Throwing
 + Level 1.6 Armour
 + Level 4.8 Dodging
 + Level 4.4 Stealth
 + Level 1.6 Shields
 + Level 1.6 Unarmed Combat
 + Level 5.2 Spellcasting
 + Level 1.2 Conjurations
 + Level 1.2 Hexes
 + Level 1.2 Summonings
 + Level 1.2 Necromancy
 + Level 1.2 Translocations
 + Level 1.2 Transmutations
 + Level 1.2 Fire Magic
 + Level 7.2 Ice Magic
 + Level 1.2 Air Magic
 + Level 1.2 Earth Magic
 + Level 1.2 Poison Magic
 + Level 1.8 Invocations
 + Level 1.6 Evocations


You had one spell level left.
You knew the following spells:

 Your Spells              Type           Power      Damage    Failure   Level
a - Freeze                Ice            80%        1d9       1%          1
b - Ensorcelled Hibernat  Hex/Ice        26%        N/A       5%          2
c - Frozen Ramparts       Ice            40%        1d7       3%          3
d - Ozocubu's Armour      Ice            20%        N/A       3%          3
e - Hailstorm             Conj/Ice       13%        3d5       34%         4

Your spell library contained the following spells:

 Spells                   Type           Power      Damage    Failure   Level
 Spider Form              Tmut/Pois      6%         N/A       34%         3
 Anguish                  Hex/Necr       3%         N/A       75%         4
 Conjure Ball Lightning   Conj/Air       3%         3x3d6     100%        6
 Discord                  Hex            3%         N/A       100%        8
 Disjunction              Tloc           3%         N/A       100%        8


Dungeon Overview and Level Annotations

Branches:
Dungeon (3/15)

Altars:
Wu Jian

Shops:
D:2 =


Innate Abilities, Weirdness & Mutations

You have very sharp teeth.
Your uncanny sense of smell can sniff out nearby items.
Your experience applies equally to all skills.


Message History

Confirm with . or Enter, or press ? or * to list all spells.
Aiming: Ensorcelled Hibernation (safe; 4% risk of failure)
Press: ? - help, Shift-Dir - straight line, f/p - orc priest
Aim: an orc priest, wielding a +0 dagger (chance to affect: 49%)
The orc priest resists with some effort.
The orc priest hits you with a +0 dagger.
Casting: Ensorcelled Hibernation (safe; 4% risk of failure)
Confirm with . or Enter, or press ? or * to list all spells.
Aiming: Ensorcelled Hibernation (safe; 4% risk of failure)
Press: ? - help, Shift-Dir - straight line, f/p - orc priest
Aim: an orc priest, wielding a +0 dagger (chance to affect: 49%)
The orc priest resists with some effort.
The orc priest mumbles some strange prayers to Beogh against you.
You resist with some effort.
You hit the orc priest. Your bite misses the orc priest.
The orc priest is lightly wounded.
The orc priest hits you but does no damage.
You hit the orc priest.
The orc priest is moderately wounded.
The orc priest hits you but does no damage.
You hit the orc priest but do no damage.
The orc priest is lightly wounded.
The orc priest hits you with a +0 dagger.
You completely miss the orc priest. Your bite misses the orc priest.
The orc priest is lightly wounded.
The orc priest invokes the aid of Beogh against you.
Beogh smites you!
* * * LOW HITPOINT WARNING * * *
It was a potion of degeneration.
There was something very wrong with that liquid.
You feel weakened.
You feel dopey.
You feel clumsy. The orc priest barely misses you.
It was a potion of might.
You feel very mighty all of a sudden.
The orc priest hits you but does no damage.
It was a potion of flight.
You feel more buoyant.
The orc priest calls down the wrath of Beogh upon you.
Beogh smites you!
You die...

####.#.........# #
#.........#.##.# #
#.###.......##.# ## ∆ # #.#
#.......##.# .. ##
#.###......###.# o#. #. #.
#.........####.##.#.# #.# #.
###.##..........#.#..##.### #.
#.#####.......#.##......#####.
#.# #......@#.......#.#.....
#.# #.......o)...##.........
#.# #......)###..##.#.#.<...
#.## #.......# #.......###<#.
#..# #.......# #.....### #.#.
##.# ######### #.##..# #.#.
###.#### .##..# #... #......#
#.##..## #.## #.#.##.#
#######.##.#.## ...


You could see an orc priest.

Vanquished Creatures
  Crazy Yiuf (D:2)
  An orc wizard (D:3)
  Robin (D:2)
  4 adders
  A worm (D:2)
  3 dart slugs
  2 orcs (D:3)
  2 endoplasms
  3 giant cockroaches
  10 goblins
  9 hobgoblins
  3 quokkas
  2 ball pythons (D:1)
  4 bats
  A frilled lizard (D:2)
  3 kobolds
  5 rats
55 creatures vanquished.

Notes
Turn   | Place    | Note
-------+----------+-------------------------------------------
     0 | D:1      | keekatzer the Gnoll Ice Elementalist began the quest for
                  | the Orb.
     0 | D:1      | Reached XP level 1. HP: 13/13 MP: 6/6
   132 | D:1      | Found a faded altar of an unknown god.
   156 | D:1      | Reached XP level 2. HP: 19/19 MP: 4/7
   159 | D:1      | Learned a level 2 spell: Ensorcelled Hibernation
   462 | D:1      | Reached skill level 5 in Spellcasting
   462 | D:1      | Reached XP level 3. HP: 19/25 MP: 6/9
   736 | D:1      | Learned a level 3 spell: Frozen Ramparts
   740 | D:1      | Learned a level 3 spell: Ozocubu's Armour
   750 | D:2      | Reached skill level 1 in Invocations
   966 | D:2      | Reached skill level 1 in Fighting
   966 | D:2      | Reached skill level 1 in Short Blades
   966 | D:2      | Reached skill level 1 in Long Blades
   966 | D:2      | Reached skill level 1 in Axes
   966 | D:2      | Reached skill level 1 in Maces & Flails
   966 | D:2      | Reached skill level 1 in Polearms
   966 | D:2      | Reached skill level 1 in Staves
   966 | D:2      | Reached skill level 1 in Ranged Weapons
   966 | D:2      | Reached skill level 1 in Throwing
   966 | D:2      | Reached skill level 1 in Armour
   966 | D:2      | Reached skill level 1 in Shields
   966 | D:2      | Reached skill level 1 in Unarmed Combat
   966 | D:2      | Reached skill level 1 in Evocations
  1000 | D:2      | Identified the +3 robe of the Butterfly {Fly rC- Will+
                  | Dex+3}
  1021 | D:2      | Noticed Robin
  1082 | D:2      | Killed Robin
  1083 | D:2      | Reached XP level 4. HP: 15/32 MP: 0/11
  1257 | D:2      | Found a runed translucent door.
  1258 | D:2      | Noticed Crazy Yiuf
  1264 | D:2      | Killed Crazy Yiuf
  1265 | D:2      | Reached skill level 1 in Conjurations
  1265 | D:2      | Reached skill level 1 in Hexes
  1265 | D:2      | Reached skill level 1 in Summonings
  1265 | D:2      | Reached skill level 1 in Necromancy
  1265 | D:2      | Reached skill level 1 in Translocations
  1265 | D:2      | Reached skill level 1 in Transmutations
  1265 | D:2      | Reached skill level 1 in Fire Magic
  1265 | D:2      | Reached skill level 1 in Air Magic
  1265 | D:2      | Reached skill level 1 in Earth Magic
  1265 | D:2      | Reached skill level 1 in Poison Magic
  1330 | D:2      | Found Joopp's Jewellery Emporium.
  1352 | D:2      | Reached XP level 5. HP: 28/37 MP: 4/12
  1663 | D:2      | Found an ornate altar of the Wu Jian Council.
  1744 | D:3      | Learned a level 4 spell: Hailstorm
  1872 | D:3      | Killed from afar by an orc priest

Illustrated notes

Levels and vault maps discovered:
D:1:      minmay_arrival_radiant_lines, layout_loops_ring,
          shapermc_ecumenical_altar_mp_urbaneastern
D:2:      layout_basic, basic_altar, serial_shops, nicolae_shop_crystal,
          uniq_crazy_yiuf_cottage, uniq_robin
D:3:      layout_loops_cross

Skill      XL: |  1  2  3  4 |
---------------+-------------+-----
Spellcasting   | 5 |  5.2
Invocations    | 1 |  1.8
Fighting       | 1 |  1.6
Short Blades   | 1 |  1.6
Long Blades    | 1 |  1.6
Axes           | 1 |  1.6
Maces & Flails | 1 |  1.6
Polearms       | 1 |  1.6
Staves         | 1 |  1.6
Ranged Weapons | 1 |  1.6
Throwing       | 1 |  1.6
Armour         | 1 |  1.6
Shields        | 1 |  1.6
Unarmed Combat | 1 |  1.6
Evocations     | 1 |  1.6
Conjurations   | 1 |  1.2
Hexes          | 1 |  1.2
Summonings     | 1 |  1.2
Necromancy     | 1 |  1.2
Translocations | 1 |  1.2
Transmutations | 1 |  1.2
Fire Magic     | 1 |  1.2
Air Magic      | 1 |  1.2
Earth Magic    | 1 |  1.2
Poison Magic   | 1 |  1.2
Dodging        | |  4.8
Stealth        | |  4.4
Ice Magic      | |  7.2

Action                   |  1- 3 |  4- 6 || total
-------------------------+-------+-------++-------
Melee: Club              |     3 |       ||     3
       Bite              |     2 |     1 ||     3
       Short sword       |     7 |       ||     7
       Dagger            |    11 |    14 ||    25
 Cast: Freeze            |    50 |    18 ||    68
       Ensorcelled Hiber |     2 |     8 ||    10
  Use: Potion            |       |     3 ||     3
 Stab: Sleeping          |     5 |     6 ||    11
       Distracted        |       |     2 ||     2
Armor: Robe              |     9 |     7 ||    16
Dodge: Dodged            |    35 |     8 ||    43
